 Dungeon Crawl Stone Soup version 0.28-b1-25-g9875b3fc8c (webtiles) character file.

Game seed: 12564401373537027437

1425 cayde69 the Fighter (level 8, -2/79 HPs)
             Began as a Hill Orc Fighter on Feb 2, 2022.
             Was an Initiate of Gozag.
             Killed by nerve-wracking pain
             ... invoked by an orc priest
              (12 damage)
             ... on level 6 of the Dungeon.
             The game lasted 00:10:55 (5369 turns).

cayde69 the Fighter (Hill Orc Fighter)              Turns: 5369, Time: 00:10:56

Health: -2/79      AC:  8    Str: 21    XL:     8   Next: 72%
Magic:  8/8        EV:  9    Int:  8    God:    Gozag
Gold:   787        SH:  4    Dex: 10    Spells: 7/7 levels left

rFire   . . .      SeeInvis .   d - +2 flail (vorpal)
rCold   . . .      Faith    .   c - +0 buckler
rNeg    . . .      Spirit   .   b - +0 scale mail
rPois   .          Reflect  .   (no helmet)
rElec   .          Harm     .   (no cloak)
rCorr   .          Rampage  .   (no gloves)
Will    .....                   n - +0 pair of boots
Stlth   ..........              (no amulet)
HPRegen 0.23/turn               (no ring)
MPRegen 0.11/turn               (no ring)

@: gold aura
A: no striking features
a: Renounce Religion, Convert to Beogh, Potion Petition, Call Merchant, Bribe
Branch


You were on level 6 of the Dungeon.
You worshipped Gozag.
Gozag was pleased with you.
You visited 1 branch of the dungeon, and saw 6 of its levels.

You collected 787 gold pieces.

Inventory:

Hand Weapons
 a - a +0 war axe
 d - a +2 vorpal flail (weapon)
Armour
 b - a +0 scale mail (worn)
 c - a +0 buckler (worn)
 n - a +0 pair of boots (worn)
Wands
 o - a wand of flame (22)
Scrolls
 f - 5 scrolls of identify {unknown}
 g - a scroll of vulnerability {unknown}
 i - a scroll of noise {unknown}
 k - 5 scrolls of teleportation {unknown}
 q - a scroll of enchant armour {unknown}
 r - a scroll of fear {unknown}
 s - a scroll of blinking {unknown}
 u - a scroll of enchant weapon {unknown}
 v - a scroll of immolation {unknown}
 w - a scroll of acquirement {unknown}
Potions
 e - 2 potions of flight {unknown}
 h - a potion of berserk rage {unknown}
 j - 2 potions of curing {unknown}
 l - a potion of attraction {unknown}
 m - a potion of resistance {unknown}
 p - a potion of brilliance {unknown}
 t - a potion of lignification {unknown}


   Skills:
 + Level 9.7 Fighting
 - Level 2.7(5.9) Axes
 * Level 6.9(7.1) Maces & Flails
 + Level 4.8 Armour
 - Level 0.3 Stealth
 - Level 3.3 Shields


You had 7 spell levels left.
You didn't know any spells.
Your spell library contained the following spells:

 Spells                   Type           Power      Damage    Failure   Level
 Animate Skeleton         Necr           0%         N/A       83%         1
 Apportation              Tloc           0%         N/A       83%         1
 Foxfire                  Conj/Fire      0%         2x1d4     83%         1
 Magic Dart               Conj           0%         1d3       83%         1
 Slow                     Hex            0%         N/A       83%         1
 Summon Small Mammal      Summ           0%         N/A       83%         1
 Call Imp                 Summ           0%         N/A       92%         2
 Confusing Touch          Hex            0%         N/A       99%         3
 Conjure Flame            Conj/Fire      0%         6-21      99%         3
 Frozen Ramparts          Ice            0%         1d2       99%         3
 Inner Flame              Hex/Fire       0%         N/A       99%         3
 Mephitic Cloud           Conj/Pois/Air  0%         N/A       99%         3
 Stone Arrow              Conj/Erth      0%         3d7       99%         3
 Vampiric Draining        Necr           0%         2d6       99%         3
 Animate Armour           Summ/Erth      0%         N/A       100%        4
 Flame Wave               Conj/Fire      0%         2d4       100%        4
 Ice Form                 Ice/Tmut       0%         N/A       100%        4
 Summon Ice Beast         Ice/Summ       0%         N/A       100%        4
 Lehudib's Crystal Spear  Conj/Erth      0%         10d2      100%        8


Dungeon Overview and Level Annotations

Branches:
Dungeon (6/15)
 Temple: D:4-7

Altars:
Gozag
Vehumet

Annotations:
D:4 3 runed translucent doors, cayde69's ghost, amateur MiFi


Message History

You are too injured to fight recklessly!
You are too injured to fight recklessly!
You are too injured to fight recklessly!
You are too injured to fight recklessly!
You barely miss the orc warrior.
The orc warrior is almost dead.
The orc priest shouts, "Beogh is our master!
Accept the truth or die!"
The orc warrior closely misses you.
You hit the orc warrior but do no damage.
The orc warrior is almost dead.
The orc warrior hits you with a +0 dire flail!
The orc priest looks encouraged for a moment.
The orc priest hits you with a +0 whip.
You closely miss the orc warrior.
The orc warrior is almost dead.
The orc warrior hits you with a +0 dire flail!
* * * LOW HITPOINT WARNING * * *
The orc priest hits you but does no damage.
You hit the orc warrior.
You kill the orc warrior!
The orc priest shouts, "Join the one true god or die!"
You block the orc priest's attack.
The orc priest invokes the aid of Beogh against you.
Beogh smites you!
* * * LOW HITPOINT WARNING * * *
You barely miss the orc priest. The orc priest closely misses you.
You block the orc priest's attack.
You hit the orc priest.
The orc priest is heavily wounded.
The orc priest is distracted by your dazzling golden aura.
The orc priest hits you but does no damage.
The orc priest shouts!
The orc priest threatens, "By the altar or by the axe, you will meet Beogh!"
You hit the orc priest but do no damage.
The orc priest is heavily wounded.
The orc priest is no longer distracted by gold.
The orc priest mumbles some strange prayers to Beogh against you.
Pain shoots through your body!
You die...
Your body crumbles into a pile of gold.

........# #####+# ........#
#.....# .. ........# #.....+
...####### ........# #.$...#
.......<.. ........# #.....#
.......... ........# #.....#
.......... ........######....#
..........
.............###o#########.......
.............#.o@$##.....#.......
.............#...........#.......
.............#...........#.......
.............#...........#.......
.............##'####.....#.......
...................#.....#.......
........###'#......#.....#.......
........#...#......'.....'.......
........'...#......#.....#.......


You could see 2 orc priests.

Vanquished Creatures
  A water moccasin (D:5)
  2 ice beasts (D:5)
  An orc warrior (D:6)
  A black bear (D:6)
  2 ogres
  A scorpion (D:5)
  A howler monkey (D:5)
  A jelly (D:5)
  A centaur skeleton (D:5)
  A centaur zombie (D:6)
  3 orc priests
  4 hounds
  3 iguanas (D:4)
  4 orc wizards
  2 hound skeletons (D:4)
  7 adders
  A howler monkey skeleton (D:6)
  A shadow imp (D:5)
  2 ufetubi
  2 adder skeletons (D:4)
  A worm (D:5)
  4 dart slugs
  14 orcs
  9 endoplasms
  3 giant cockroaches
  7 hobgoblins
  3 quokkas (D:1)
  7 ball pythons
  7 bats (D:1)
  4 frilled lizards
  6 goblins
  9 kobolds
  7 rats
122 creatures vanquished.

Notes
Turn   | Place    | Note
-------+----------+-------------------------------------------
     0 | D:1      | cayde69 the Hill Orc Fighter began the quest for the Orb.
     0 | D:1      | Reached XP level 1. HP: 19/19 MP: 1/1
    46 | D:1      | Reached skill level 4 in Fighting
    59 | D:1      | Reached XP level 2. HP: 21/27 MP: 2/2
   372 | D:1      | Reached XP level 3. HP: 34/35 MP: 3/3
   470 | D:1      | Reached skill level 5 in Fighting
  1337 | D:2      | Found a faded altar of an unknown god.
  1619 | D:2      | Prayed at the altar of an unknown god.
  1619 | D:2      | Became a worshipper of Gozag Ym Sagoz the Greedy
  1671 | D:3      | Reached XP level 4. HP: 40/44 MP: 4/4
  1726 | D:3      | Noticed an ogre
  1727 | D:3      | Reached skill level 6 in Fighting
  1728 | D:3      | Reached XP level 5. HP: 42/51 MP: 5/5
  1732 | D:3      | Killed an ogre
  1733 | D:3      | Reached skill level 7 in Fighting
  1847 | D:3      | Reached XP level 6. HP: 27/61 MP: 6/6
  1850 | D:3      | Reached skill level 8 in Fighting
  2789 | D:4      | Reached skill level 9 in Fighting
  2810 | D:4      | Reached XP level 7. HP: 61/70 MP: 7/7
  2961 | D:4      | Found a radiant altar of Vehumet.
  3009 | D:4      | Found a runed translucent gate.
  3009 | D:4      | Found a runed translucent gate.
  3009 | D:4      | Found a runed translucent gate.
  3141 | D:4      | Reached skill level 1 in Maces & Flails
  3479 | D:4      | Noticed cayde69's ghost (amateur MiFi)
  3771 | D:5      | Entered Level 5 of the Dungeon
  4052 | D:5      | Reached XP level 8. HP: 29/78 MP: 8/8
  4766 | D:5      | Reached skill level 5 in Maces & Flails
  5369 | D:6      | Killed from afar by an orc priest

Illustrated notes

Levels and vault maps discovered:
D:1:      mrwooster_arrival_statue_3, layout_loops_ring, minmay_vboxes
D:2:      layout_basic, hellmonk_ecumenical_altar_run_dry
D:3:      layout_basic
D:4:      layout_gridville, vehumet_altar_wand_db, gammafunk_ghost_necromancy
D:5:      layout_loops_ring, grunt_decor_one_mirror
D:6:      layout_gridville, nicolae_shop_clearance

Skill      XL: |  1  2  3  4  5  6  7  8 |
---------------+-------------------------+-----
Fighting       | 4 5 6 7 9 |  9.7
Maces & Flails | 4 6 |  6.9
Armour         | 4 |  4.8
Axes           | |  2.7
Stealth        | |  0.3
Shields        | |  3.3

Action                   |  1- 3 |  4- 6 |  7- 9 || total
-------------------------+-------+-------+-------++-------
Melee: War axe           |   100 |    49 |       ||   149
       Flail             |       |    14 |   168 ||   182
Evoke: Wand              |       |       |     1 ||     1
  Use: Potion            |       |     1 |       ||     1
 Stab: Distracted        |       |       |     1 ||     1
Armor: Scale mail        |    54 |    26 |    77 ||   157
Dodge: Dodged            |    49 |    38 |    92 ||   179
Block: Buckler           |    22 |    17 |    27 ||    66
